 Dungeon Crawl Stone Soup version 0.28.0-53-g5a82cb258f (webtiles) character file.

Game seed: 11153898151880421428

11242 funkygono the Carver (level 11, -2/95 HPs)
             Began as a Minotaur Fighter on July 7, 2022.
             Was a High Priest of Okawaru.
             Slain by an ice devil (5 damage)
             ... in an ice cave.
             The game lasted 00:22:14 (11573 turns).

funkygono the Carver (Minotaur Fighter)            Turns: 11573, Time: 00:22:14

Health: -2/95      AC: 13    Str: 24    XL:     11   Next: 46%
Magic:  0/13       EV: 14    Int: 11    God:    Okawaru [*****.]
Gold:   695        SH:  7    Dex: 11    Spells: 10/10 levels left

rFire   . . .      SeeInvis .   a - +1 long sword (venom)
rCold   + . .      Faith    .   c - +0 buckler
rNeg    . . .      Spirit   +   E - +2 robe {rC+}
rPois   .          Reflect  .   (helmet restricted)
rElec   .          Harm     .   J - +1 cloak {Stlth+}
rCorr   .          Rampage  .   p - +1 pair of gloves
Will    .....                   r - +1 pair of boots
Stlth   ++++......              s - amulet of guardian spirit
HPRegen 0.25/turn               w - +6 ring of intelligence
MPRegen 0.13/turn               (no ring)

@: mighty, heroic, marked
A: horns 2, retaliatory headbutt
a: Renounce Religion, Heroism, Finesse, Duel


You were in an ice cave.
You worshipped Okawaru.
Okawaru was extremely pleased with you.
You visited 2 branches of the dungeon, and saw 12 of its levels.
You also visited: Ice Cave.

You collected 744 gold pieces.
You spent 49 gold pieces at shops.

Inventory:

Hand Weapons
 a - a +1 long sword of venom (weapon)
 b - a +0 hand crossbow
 d - a +1 war axe of electrocution
 A - a +4 quarterstaff of chaos
 C - a +0 mace of venom
 F - a +0 whip of freezing
 Q - a +3 morningstar of freezing
 S - a +2 falchion
 T - a +1 war axe of flaming
Missiles
 g - 20 boomerangs (quivered)
 j - 3 javelins
 z - 18 poisoned darts
 W - 11 bolts
Armour
 c - a +0 buckler (worn)
 p - a +1 pair of gloves (worn)
 r - a +1 pair of boots (worn)
 t - a +2 scale mail of fire resistance
 v - an orb of energy
 y - a +0 plate armour
 D - a scarf of resistance
 E - a +2 robe of cold resistance (worn)
 J - a +1 cloak of stealth (worn)
 K - the +1 scale mail "Ypsouk" {rC+}
   (You found it on level 9 of the Dungeon)

   rC:        It protects you from cold.
 M - a +2 troll leather armour {Snorg}
 U - +0 acid dragon scales
 X - a +0 chain mail
Magical Staves
 k - a staff of conjuration
 m - a staff of air
 V - a staff of cold
Jewellery
 s - an amulet of guardian spirit (around neck)
 w - a +6 ring of intelligence (left hand)
 x - an amulet of faith
Wands
 u - a wand of paralysis (9)
Scrolls
 f - 3 scrolls of blinking
 h - 8 scrolls of teleportation
 l - 7 scrolls of identify
 H - 3 scrolls of amnesia
 O - a scroll of fog
Potions
 e - 2 potions of curing
 i - 5 potions of resistance
 n - 3 potions of attraction
 o - a potion of ambrosia {unknown}
 q - 2 potions of flight
 B - a potion of berserk rage
 G - 5 potions of brilliance
 I - 3 potions of haste
 N - a potion of heal wounds {unknown}
 P - a potion of degeneration {unknown}
 R - a potion of cancellation {unknown}
Miscellaneous
 Y - a phial of floods


   Skills:
 + Level 8.5(13.5) Fighting
 + Level 13.9(18.9) Long Blades
 + Level 1.1(6.1) Crossbows
 + Level 10.9(15.9) Armour
 + Level 3.2(8.2) Dodging
 + Level 1.7(6.7) Stealth
 + Level 7.5(12.5) Shields
 + Level 4.2 Invocations
 + Level 3.6 Evocations


You had 10 spell levels left.
You didn't know any spells.
Your spell library contained the following spells:

 Spells                   Type           Power      Damage    Failure   Level
 Static Discharge         Conj/Air       0%         N/A       52%         2
 Portal Projectile        Hex/Tloc       0%         N/A       77%         3
 Dispel Undead            Necr           0%         3d6       99%         4
 Leda's Liquefaction      Hex/Erth       0%         N/A       99%         4
 Sticky Flame             Conj/Fire      0%         2d3       99%         4
 Call Canine Familiar     Summ           Unusable   N/A       N/A         3

Dungeon Overview and Level Annotations

Branches:
Dungeon (11/15)            Temple (1/1) D:4            Lair (0/6) D:10
  IceCv (1/1)
    Orc: D:9-12

Altars:
Ashenzari
Cheibriados
Dithmenos
Elyvilon
Fedhas
Gozag
Hepliaklqana
Kikubaaqudgha
Makhleb
Nemelex Xobeh
Okawaru
Qazlal
Ru
Sif Muna
Trog
Uskayaw
Vehumet
Wu Jian
Xom
Yredelemnul
Zin
The Shining One

Shops:
D:6 (

Annotations:
IceCv exclusion: ice statue


Innate Abilities, Weirdness & Mutations

You have a pair of horns on your head.
You reflexively headbutt those who attack you in melee.


Message History

You feel better. The anaconda simulacrum misses you. You furiously retaliate!
You headbutt the anaconda simulacrum!!
The anaconda simulacrum vaporises!
Okawaru accepts your kill.
A necromancer comes into view. It is wielding a +0 dagger.
The elephant simulacrum tramples you but does no damage.
The elephant simulacrum trunk-slaps you but does no damage.
Your base Crossbows skill increases to level 1!
You feel better. You block the ice devil's attack.
A polar bear simulacrum comes into view.
The elephant simulacrum tramples you!
* * * LOW HITPOINT WARNING * * *
You stumble backwards!
The polar bear simulacrum moves out of view.
You block the ice devil's attack. The elephant simulacrum tramples you.
* * * LOW HITPOINT WARNING * * *
You hold your ground!
You block the elephant simulacrum's attack.
You slash the elephant simulacrum!
The elephant simulacrum is almost destroyed.
The necromancer casts a spell.
The necromancer binds the souls of nearby monsters.
The ice devil misses you. The elephant simulacrum tramples you.
* * * LOW HITPOINT WARNING * * *
You stumble backwards!
You feel better.
You don't have enough magic at the moment.
You barely miss the ice devil. You closely miss the ice devil.
The ice devil hits you!
* * * LOW HITPOINT WARNING * * *
The ice devil freezes you. You resist.
* * * LOW HITPOINT WARNING * * *
An ice devil comes into view.
A white ugly thing and 2 ice devils come into view.
The ice devil hits you.
* * * LOW HITPOINT WARNING * * *
The ice devil freezes you. You resist.
You die...

###### ## ###### ##.##.###
.##
#####..@4######p4Z.ZZ.#
..##
###...4u#4..4##..Z#.##...#
...# #..4#..#####.Zp.#####
...# ...# ##..#### ###.##
^... ..#########..## ###
.8.. .###§○.####...###
.Y.. .##.§○#☼#.......####
###. ##○°..............(#
# ###○.○##..........[#


You could see a white ugly thing, 5 ice devils, a necromancer and an elephant
simulacrum.

Vanquished Creatures
  Snorg (D:10)
  Fannar (D:11)
  Pikel (D:6)
  A deep elf pyromancer (D:11)
  2 ugly things (IceCv)
  Maggie (D:10)
  2 gargoyles (D:11)
  An unseen horror (D:11)
  An ice devil (IceCv)
  2 freezing wraiths (IceCv)
  2 anaconda simulacra (IceCv)
  Grinder (D:3)
  A hornet (D:10)
  A dire elephant simulacrum (IceCv)
  5 wyverns
  A vampire (D:9)
  2 death yak simulacra (IceCv)
  3 wargs (D:10)
  A water moccasin (D:7)
  Duvessa (D:5)
  2 black bears
  2 orc warriors (D:8)
  2 ice beasts
  A sky beast (D:7)
  A necrophage (D:4)
  2 centaurs
  A lemure (D:6)
  A phantom (D:6)
  2 ogres
  A kobold brigand (D:9)
  4 bullfrogs
  Blork the orc (D:5)
  A gnoll sergeant (D:8)
  A wyvern zombie (D:6)
  A cane toad simulacrum (IceCv)
  A wyvern skeleton (D:6)
  Dowan (D:5)
  3 elephant simulacra (IceCv)
  A killer bee (D:7)
  4 wights (D:10)
  A howler monkey (D:5)
  5 centaur zombies
  A hound (D:5)
  2 orc priests
  2 jellies
  Crazy Yiuf (D:5)
  2 bullfrog skeletons (D:5)
  Natasha (thrice) (D:2)
  3 iguanas
  13 orc wizards
  A polar bear simulacrum (IceCv)
  2 troll simulacra (IceCv)
  A spriggan simulacrum (IceCv)
  2 wolf simulacra (IceCv)
  A howler monkey zombie (D:5)
  5 gnolls
  5 adders
  A shadow imp (D:7)
  3 white imps
  2 ufetubi
  An adder skeleton (D:5)
  2 dart slugs
  26 orcs
  9 ball pythons
  4 endoplasms
  3 giant cockroaches
  7 goblins
  9 hobgoblins
  7 jackals
  6 quokkas
  3 bats
  5 frilled lizards
  14 kobolds
  5 rats
221 creatures vanquished.

Notes
Turn   | Place    | Note
-------+----------+-------------------------------------------
     0 | D:1      | funkygono the Minotaur Fighter began the quest for the Orb.
     0 | D:1      | Reached XP level 1. HP: 19/19 MP: 0/0
   192 | D:1      | Reached XP level 2. HP: 25/27 MP: 1/1
   727 | D:1      | Found a faded altar of an unknown god.
   759 | D:1      | Reached skill level 3 in Long Blades
   878 | D:2      | Reached XP level 3. HP: 33/33 MP: 2/2
   887 | D:2      | Noticed Natasha
   895 | D:2      | Killed Natasha
  1084 | D:2      | Reached XP level 4. HP: 40/40 MP: 3/3
  1137 | D:2      | Noticed Natasha
  1145 | D:2      | Killed Natasha
  1361 | D:2      | Reached skill level 4 in Long Blades
  1621 | D:2      | Noticed Natasha
  1630 | D:2      | Killed Natasha
  1631 | D:2      | Reached XP level 5. HP: 37/47 MP: 4/4
  1996 | D:3      | Found a blossoming altar of Fedhas.
  2051 | D:3      | Reached skill level 5 in Long Blades
  2074 | D:3      | Found a shimmering altar of Xom.
  2383 | D:3      | Noticed Grinder
  2392 | D:3      | Paralysed by Grinder for 5 turns
  2403 | D:3      | Killed Grinder
  2404 | D:3      | Reached skill level 6 in Long Blades
  2404 | D:3      | Reached skill level 5 in Armour
  2404 | D:3      | Reached skill level 1 in Dodging
  2404 | D:3      | Reached XP level 6. HP: 8/53 MP: 5/5
  2683 | D:3      | Found an ornate altar of the Wu Jian Council.
  3056 | D:4      | Found a staircase to the Ecumenical Temple.
  3070 | D:4      | Reached XP level 7. HP: 57/60 MP: 4/6
  3072 | Temple   | Entered the Ecumenical Temple
  3096 | Temple   | Became a worshipper of Warmaster Okawaru
  3569 | D:4      | Reached skill level 5 in Fighting
  3725 | D:4      | Reached skill level 7 in Long Blades
  3769 | D:5      | Entered Level 5 of the Dungeon
  3895 | D:5      | Reached skill level 1 in Stealth
  3901 | D:5      | Noticed Duvessa
  3912 | D:5      | Noticed Dowan
  3914 | D:5      | Killed Duvessa
  3926 | D:5      | Killed Dowan
  3932 | D:5      | Reached * piety under Okawaru
  3944 | D:5      | Reached skill level 8 in Long Blades
  3944 | D:5      | Reached XP level 8. HP: 60/69 MP: 7/7
  4305 | D:5      | Found a runed translucent door.
  4306 | D:5      | Noticed Crazy Yiuf
  4313 | D:5      | Killed Crazy Yiuf
  4442 | D:5      | Noticed Blork the orc
  4445 | D:5      | Killed Blork the orc
  4446 | D:5      | Reached skill level 5 in Shields
  4632 | D:6      | Found Cuse's Weapon Shop.
  4718 | D:6      | Bought a +0 hand crossbow for 49 gold pieces
  4788 | D:6      | Noticed Pikel
  4805 | D:6      | Killed Pikel
  4806 | D:6      | Reached skill level 9 in Long Blades
  4806 | D:6      | Reached skill level 1 in Evocations
  4807 | D:6      | Reached ** piety under Okawaru
  4808 | D:6      | Reached XP level 9. HP: 64/75 MP: 6/8
  4858 | D:6      | Found a stormy altar of Qazlal.
  4953 | D:6      | Reached skill level 10 in Long Blades
  5669 | D:7      | Reached skill level 1 in Invocations
  5818 | D:7      | Found an ancient bone altar of Kikubaaqudgha.
  5990 | D:7      | Reached skill level 11 in Long Blades
  7174 | D:8      | Found a shimmering blue altar of Sif Muna.
  7591 | D:9      | Reached XP level 10. HP: 79/84 MP: 9/11
  7775 | D:9      | Reached *** piety under Okawaru
  7787 | D:9      | Identified the +1 scale mail "Ypsouk" {rC+}
  8347 | D:10     | Entered Level 10 of the Dungeon
  8351 | D:10     | Noticed Snorg
  8366 | D:10     | Killed Snorg
  8367 | D:10     | Reached skill level 12 in Long Blades
  8850 | D:10     | Reached skill level 10 in Armour
  8860 | D:10     | Found a staircase to the Lair.
  9201 | D:10     | Noticed Maggie
  9238 | D:10     | Killed Maggie
  9582 | D:11     | Noticed Fannar
  9598 | D:11     | Killed Fannar
  9598 | D:11     | Reached **** piety under Okawaru
  9662 | D:11     | Noticed a gargoyle
  9671 | D:11     | Killed a gargoyle
  9747 | D:11     | Reached skill level 13 in Long Blades
  9747 | D:11     | Reached XP level 11. HP: 67/94 MP: 12/12
  9767 | D:11     | Noticed a deep elf pyromancer
  9774 | D:11     | Killed a deep elf pyromancer
  9913 | D:11     | Found a frozen archway.
  9923 | IceCv    | Entered an ice cave
  9942 | IceCv    | Reached ***** piety under Okawaru
 10361 | IceCv    | Noticed a white ugly thing
 10369 | IceCv    | Killed a white ugly thing
 10877 | IceCv    | Noticed a white ugly thing
 10895 | IceCv    | Killed a white ugly thing
 10895 | IceCv    | HP: 3/95 [white imp/puff of frost (3)]
 11559 | IceCv    | Noticed a necromancer
 11560 | IceCv    | Reached skill level 1 in Crossbows
 11573 | IceCv    | Noticed a white ugly thing
 11573 | IceCv    | HP: 3/95 [ice devil (4)]
 11573 | IceCv    | Slain by an ice devil

Illustrated notes

Levels and vault maps discovered:
D:1:      amcnicky_arrival_double_pillar, layout_basic,
          dreamdust_ecumenical_altar_statues, minmay_split_cup_small
D:2:      layout_loops_cross, uniq_natasha
D:3:      layout_loops_ring, mainiacjoe_overflow_brackets,
          nzn_wu_jian_contemplation, amcnicky_altar_gilded, uniq_grinder
D:4:      layout_rooms, minmay_temple_entry_butterflies,
          kennysheep_generic_room_16
D:5:      layout_basic, gup_sewer_entry_pipe, uniq_blork_the_orc,
          uniq_crazy_yiuf_cottage, uniq_duvessa
D:6:      layout_cave_pools, overflow_temple_1_default, serial_shops,
          nicolae_diamond_shop, serial_glass, glass_columns_b, glass_columns_c,
          item_on_display_a, feat_on_display, item_on_display_a,
          due_unseen_surprise, uniq_pikel
D:7:      layout_layer_cave, kiku_gazebo_garden_becter,
          hangedman_minor_gate_pass
D:8:      layout_cave_pools, led_sif_book, serial_column_ruins,
          column_ruins_hut, column_ruins_open_medium,
          column_ruins_corridor_dead_end, column_ruins_corridor_straight,
          column_ruins_open_tiny, column_ruins_grid_1,
          column_ruins_open_small_water, nicolae_lava_and_water
D:9:      layout_basic, serial_bayou_pond_e
D:10:     layout_basic, erik_lair_orcish_takeover, uniq_maggie, uniq_snorg
D:11:     minmay_the_grid_octo_2x2 [minmay_the_grid_octo_tetromino_candy,
          minmay_the_grid_octo_empty, minmay_the_grid_octo_toaster,
          minmay_the_grid_octo_prize_big_c], layout_loops_corners, orc_0_dummy,
          portal_ice_cave_entry_pillars_2, uniq_fannar
Temple:   compressed_dpeg_circular_temple
IceCv:    ice_cave_small_necro

Skill      XL: |  1  2  3  4  5  6  7  8  9 10 11 |
---------------+----------------------------------+-----
Armour         | 4 5 6 7 8 10 | 10.9
Fighting       | 4 5 6 7 8 |  8.5
Long Blades    | 3 4 6 8 9 11 13 | 13.9
Shields        | 4 5 6 7 |  7.5
Dodging        | 1 2 3 |  3.2
Stealth        | 1 |  1.7
Evocations     | 1 2 3 |  3.6
Invocations    | 3 4 |  4.2
Crossbows      | 1 |  1.1

Action                   |  1- 3 |  4- 6 |  7- 9 | 10-12 || total
-------------------------+-------+-------+-------+-------++-------
Melee: Long sword        |    78 |    74 |   248 |   261 ||   661
       Headbutt          |    11 |     7 |    43 |    56 ||   117
 Fire: Hand crossbow     |       |       |       |    16 ||    16
Invok: Heroism           |       |       |    20 |    16 ||    36
       Finesse           |       |       |       |     1 ||     1
Evoke: Wand              |       |       |    38 |    12 ||    50
  Use: Potion            |       |     1 |       |     5 ||     6
       Scroll            |       |    11 |     7 |     1 ||    19
 Stab: Paralysed         |       |       |       |     2 ||     2
Armor: Scale mail        |    30 |    28 |    31 |       ||    89
       Plate armour      |       |       |    91 |    92 ||   183
       Skin              |       |       |       |     2 ||     2
       Robe              |       |       |       |    31 ||    31
Dodge: Dodged            |    39 |    23 |    77 |    74 ||   213
Block: Buckler           |    18 |    13 |    54 |    56 ||   141
